Map: 16-Bit LE

Players

HeRoMaRinE - Winner!

  • Race: Terran Terran
  • League: Master
  • Spawn Location: 7:00

MMA

  • Race: Terran Terran
  • Spawn Location: 1:00

Event: HomeStory Cup XVII

VOD

Have the link to the VOD?

Description

Time

  • Played on: June 29, 2018, 8:01 a.m.
  • Length: 14:02

All games in this series

Show
View Real Time Build Order
Export as new Build Order

HeRoMaRinE Terran - Winner!

Build Orders: MMM Bio 

Get SALT Encoding   

  12  0:00  SCV  
  13  0:12  SCV  
  14  0:19  Supply Depot  
  14  0:41  Barracks  
  14  0:43  Refinery  
  14  0:56  Barracks  
  14  1:01  SCV  
  15  1:13  SCV  
  15  1:16  Refinery  
  17  1:27  Reaper  
  17  1:36  Orbital Command  
  17  1:43  Reaper  
  18  2:00  Reaper  
  19  2:02  SCV  
  20  2:13  Supply Depot  
  20  2:15  Reaper  
  21  2:19  SCV  
  22  2:31  SCV  
  22  2:35  Reaper  
  24  2:47  Reaper  
  24  2:48  SCV  
  25  2:54  Factory  
  25  3:01  SCV  
  26  3:07  Reaper  
  26  3:12  Supply Depot  
  27  3:13  SCV  
  27  3:19  Reaper  
  27  3:25  SCV  
  26  3:37  Cyclone, SCV  
  26  3:39  Starport  
  30  3:49  SCV  
  31  3:59  Command Center  
  31  4:02  SCV  
  31  4:14  Cyclone, SCV  
  34  4:18  Starport Tech Lab  
  34  4:26  SCV  
  35  4:32  Supply Depot  
  35  4:37  Raven  
  37  4:38  SCV  
  38  4:52  SCV  
  39  4:55  Factory Reactor, Command Center  
  39  5:04  SCV  
  39  5:06  Engineering Bay  
  40  5:16  SCV  
  40  5:20  Viking  
  43  5:22  Orbital Command  
  43  5:29  SCV  
  44  5:36  Missile Turret  
  44  5:41  SCV  
  44  5:42  Factory Tech Lab  
  45  5:49  SCV  
  45  5:53  SCV  
  44  6:01  SCV  
  44  6:05  SCV  
  44  6:12  Orbital Command  
  44  6:13  SCV  
  44  6:14  Stimpack  
  44  6:16  Marine  
  45  6:19  Engineering Bay, SCV  
  45  6:21  Starport Reactor  
  46  6:26  SCV  
  46  6:29  Siege Tank  
  46  6:31  SCV  
  49  6:34  Marine  
  49  6:37  SCV  
  49  6:38  SCV  
  52  6:41  Bunker  
  52  6:43  Missile Turret, SCV  
  53  6:50  SCV x2  
  53  6:52  Marine  
  56  6:55  SCV  
  56  6:57  Barracks  
  57  7:01  Barracks  
  57  7:04  Siege Tank  
  57  7:06  SCV  
  57  7:07  Starport Reactor, SCV  
  62  7:11  Refinery  
  62  7:13  Refinery  
  62  7:14  SCV  
  63  7:18  SCV  
  63  7:19  Marine, SCV  
  64  7:24  Terran Infantry Weapons Level 1  
  64  7:25  Terran Infantry Armor Level 1  
  64  7:26  SCV  
  65  7:31  Supply Depot, SCV x2  
  67  7:37  Marine  
  67  7:38  SCV  
  67  7:41  Siege Tank  
  72  7:47  Supply Depot  
  72  7:53  SCV x3  
  72  7:54  Supply Depot  
  72  7:57  Medivac  
  77  8:08  Medivac, Marine x4, SCV x2  
  77  8:10  Orbital Command, Supply Depot  
  77  8:11  Supply Depot  
  85  8:15  Marine  
  86  8:20  SCV x2  
  86  8:24  Barracks  
  86  8:25  Barracks  
  86  8:26  Marine  
  89  8:29  Marine x2  
  89  8:32  SCV x2  
  93  8:36  SCV  
  93  8:40  Marine  
  93  8:41  Marine  
  96  8:44  Marine, SCV  
  96  8:45  SCV  
  96  8:47  Marine, Missile Turret, Siege Tank  
  96  8:48  SCV  
  104  8:53  Marine  
  105  8:57  SCV x2  
  105  8:58  Marine x2  
  105  8:59  Supply Depot  
  105  9:00  Armory  
  105  9:02  Refinery  
  109  9:05  Supply Depot  
  109  9:08  Combat Shields  
  109  9:13  Refinery  
  109  9:14  Factory  
  109  9:15  Barracks Reactor x2  
  109  9:20  Supply Depot, Marine, SCV x3  
  109  9:21  Supply Depot  
  109  9:22  Marine x3  
  109  9:23  Marine  
  117  9:31  Supply Depot  
  117  9:32  SCV x3  
  117  9:37  Siege Tank  
  117  9:38  Marine  
  124  9:40  Marine  
  124  9:41  Marine x2  
  124  9:44  SCV x3  
  129  9:45  Marine  
  129  9:46  Terran Infantry Armor Level 2, Terran Infantry Weapons Level 2  
  129  9:48  Terran Vehicle Weapons Level 1  
  130  9:53  Marine  
  130  9:54  Marine  
  130  9:55  Supply Depot, Marine  
  130  9:56  Supply Depot  
  130  9:57  Marine  
  130  9:58  Marine x2  
  130  9:59  Marine x2  
  138  10:02  Factory Tech Lab  
  138  10:03  Marine  
  139  10:11  Marine x2  
  139  10:13  Marine  
  140  10:15  Marine x3  
  140  10:16  Medivac x2  
  140  10:17  Marine x2, Siege Tank  
  140  10:19  Sensor Tower  
  140  10:21  Marine  
  152  10:24  Siege Tank  
  155  10:29  Marine x2  
  155  10:31  Marine  
  155  10:33  Marine x2  
  160  10:40  Command Center, Marine x4  
  163  10:46  Medivac  
  163  10:49  Supply Depot  
  165  10:50  Supply Depot  
  165  10:52  Medivac, Marine x2  
  165  10:56  Marine  
  165  10:57  Marine x2  
  170  10:58  Marine  
  169  11:08  Barracks x2, Siege Tank  
  169  11:11  Marine x2, Barracks  
  173  11:12  Marine  
  173  11:13  Marine x2  
  177  11:23  Marine  
  177  11:24  Medivac x2, Marine x2, Siege Tank  
  187  11:30  Missile Turret  
  186  11:36  Marine x3  
  189  11:41  Marine x2, Siege Tank  
  193  11:54  Marine x4  
  193  11:58  Barracks Reactor x2  
  193  11:59  Barracks Reactor  
  197  12:02  Marine x2  
  197  12:03  Marine  
  199  12:31  Planetary Fortress  
  198  12:51  Marine  
  198  12:52  Marine x2  
  198  12:53  Marine x2  
  198  12:54  Marine  
  198  12:55  Marine  
  198  12:57  Marine  
  187  13:01  Marine, Siege Tank  
  187  13:02  Marine  
  187  13:03  Marine  
  187  13:04  Marine  
  186  13:05  Marine x2  
  186  13:06  Marine  
  186  13:09  Medivac x2, Marine  
  186  13:10  Marine x2, Siege Tank  
  186  13:11  Marine x2  
  186  13:12  Marine x2  
  178  13:15  Marine  
  178  13:19  Marine x2  
  175  13:21  Marine  
  175  13:22  Marine  
  175  13:23  Marine  
  175  13:27  Marine x2  
  178  13:33  Command Center  
  181  13:34  Marine x8  
  181  13:37  Marine x2  
  181  13:39  Marine  
  181  13:40  Marine  
  194  13:41  Marine  
  194  13:44  Marine  
Show
View Real Time Build Order
Export as new Build Order

MMA Terran 

Build Orders: 1/1/1, MMM Bio, Banshee Rush 

Get SALT Encoding   

  12  0:00  SCV  
  13  0:12  SCV  
  14  0:18  Supply Depot  
  14  0:25  SCV  
  15  0:29  Refinery  
  15  0:39  SCV  
  16  0:45  Barracks  
  16  0:51  SCV  
  17  0:57  Refinery  
  17  1:03  SCV  
  18  1:15  SCV  
  19  1:32  Orbital Command  
  19  1:33  Factory  
  19  1:37  Reaper  
  20  1:47  Supply Depot  
  20  1:58  SCV  
  21  2:09  Reaper  
  21  2:10  SCV  
  23  2:18  Starport  
  26  2:23  Hellion  
  26  2:24  SCV  
  24  2:41  SCV  
  24  2:42  Reaper  
  23  2:53  Hellion  
  23  2:55  Supply Depot  
  25  3:00  SCV  
  25  3:12  SCV  
  24  3:14  Reaper  
  24  3:15  Hellion  
  24  3:30  SCV  
  24  3:33  Starport Tech Lab  
  25  3:37  Hellion  
  27  3:42  SCV  
  27  3:47  Supply Depot  
  28  3:51  Cloaking Field  
  28  3:59  Banshee  
  31  4:03  SCV  
  32  4:15  SCV  
  32  4:16  Barracks Reactor  
  31  4:17  Factory Tech Lab  
  29  4:27  SCV  
  33  4:40  Siege Tank  
  33  4:42  Banshee  
  37  4:45  SCV  
  37  4:56  Command Center  
  37  4:58  Marine  
  38  5:00  Marine  
  38  5:04  SCV  
  40  5:09  Supply Depot  
  40  5:16  SCV  
  40  5:18  Marine x2  
  43  5:25  Raven  
  45  5:29  SCV  
  46  5:41  SCV  
  47  5:45  Siege Tank  
  47  5:46  Marine x2  
  52  5:55  SCV  
  53  6:03  Marine  
  53  6:04  Marine  
  55  6:08  SCV  
  52  6:12  Orbital Command  
  52  6:20  SCV  
  52  6:25  Marine x2  
  52  6:31  Command Center  
  54  6:37  SCV  
  54  6:38  SCV  
  56  6:49  Starport Reactor, SCV  
  56  6:50  SCV  
  58  6:54  Stimpack  
  58  6:57  Barracks  
  58  6:58  Barracks  
  58  7:02  Marine, SCV x2  
  61  7:10  Siege Tank  
  61  7:14  SCV x2  
  66  7:16  Engineering Bay x2  
  66  7:20  Marine  
  67  7:26  SCV x2  
  65  7:38  Marine, SCV x2  
  65  7:42  Terran Infantry Weapons Level 1  
  65  7:43  Refinery x2, Terran Infantry Armor Level 1  
  68  7:48  Orbital Command  
  68  7:49  Starport Reactor  
  68  7:50  SCV x2  
  67  7:52  Marine  
  67  7:55  Marine  
  69  8:02  SCV x2  
  71  8:14  SCV x2  
  71  8:15  SCV  
  74  8:21  Marine x4  
  74  8:22  Marine  
  74  8:24  Siege Tank  
  74  8:26  SCV x2  
  84  8:27  SCV  
  85  8:37  Medivac x2, Supply Depot  
  85  8:39  Missile Turret, SCV x2  
  85  8:40  SCV  
  92  8:42  Supply Depot  
  92  8:45  Supply Depot  
  92  8:49  Marine  
  92  8:55  Combat Shields  
  93  8:59  Marine x4, SCV x3  
  93  9:01  Armory  
  100  9:07  Supply Depot  
  100  9:08  Medivac x2  
  100  9:09  Supply Depot  
  104  9:11  SCV x3  
  104  9:14  Supply Depot  
  104  9:16  Marine x4  
  110  9:19  Marine  
  110  9:20  Siege Tank  
  110  9:23  SCV  
  116  9:24  SCV  
  116  9:28  SCV  
  116  9:30  Supply Depot  
  118  9:33  Supply Depot  
  118  9:34  Barracks  
  118  9:38  Barracks  
  118  9:39  Medivac  
  118  9:40  Medivac  
  118  9:44  Marine x4  
  118  9:45  Marine  
  127  9:51  Refinery, Supply Depot  
  127  9:52  SCV x3  
  130  9:53  Refinery  
  130  9:56  Siege Tank  
  133  10:02  Supply Depot x2, Missile Turret  
  133  10:03  Marine x4  
  133  10:04  SCV  
  133  10:05  Marine  
  139  10:16  Terran Infantry Weapons Level 2  
  139  10:17  Supply Depot  
  139  10:18  Supply Depot  
  139  10:20  Factory, Terran Infantry Armor Level 2  
  139  10:29  Siege Tank  
  142  10:39  Marine x5  
  142  10:41  Barracks Reactor  
  147  10:47  Command Center  
  147  10:49  Viking x2  
  151  10:53  Terran Vehicle Weapons Level 1  
  151  10:57  Supply Depot  
  151  11:01  Barracks Reactor  
  147  11:07  Marine x2  
  147  11:08  Marine x2  
  147  11:09  Barracks Reactor  
  151  11:15  Siege Tank  
  154  11:19  Viking x2  
  154  11:25  Marine  
  159  11:33  Marine x5  
  159  11:38  Siege Tank  
  167  11:43  Marine  
  168  11:49  Viking x2, Siege Tank  
  175  11:57  Marine x8  
  175  12:01  Planetary Fortress  
  181  12:03  Starport  
  181  12:05  Starport  
  181  12:18  Marine x2  
  181  12:19  Marine x6  
  189  12:26  Siege Tank  
  189  12:27  Viking, Siege Tank  
  189  12:28  Viking  
  199  12:44  Refinery x2  
  195  12:47  Marine x9  
  188  12:57  Marine  
  149  12:59  Siege Tank x2  
  149  13:05  Marine x3  
  141  13:07  Marine x5  
  141  13:08  Marine  
  127  13:13  SCV  
  127  13:14  SCV  
  127  13:19  Starport Tech Lab  
  122  13:20  Starport Tech Lab  
  117  13:31  Marine  
  117  13:32  Marine x6  
Tags
 
Add a new tag
Caveats
  • Supply blocks, unpowered buildings, or Contaminate may cause inaccurate times.
  • Supply counts are checked every 10 seconds.